3L
ATHLETIC CLUB KC ATHLETICS @ OAKLAND OAKS
08/30/2018
 
TOP OF THE 1ST
Athletic Club KC Athletics batting - Pitching for Oakland Oaks : LHP Ronald Harmon
Pitching: LHP Ronald Harmon
Batting: SHB David Henderson 0-0: Swinging Strike
0-1: Foul Ball, location: 2F
0-2: Ball
1-2: Ball
2-2: Strikes out swinging
Batting: RHB Harry Fuller 0-0: Ball
1-0: Foul Ball, location: 2F
1-1: Ball
2-1: Ball
3-1: SINGLE (Line Drive, 56D)
Batting: LHB Emílio Sáenz 0-0: Fly out, F2 (Popup, 2LF)
Batting: RHB Vicente Díaz 0-0: Ball
1-0: Foul Ball, location: 2F
1-1: Ball
2-1: Ball
3-1: Base on Balls
Harry Fuller to second
Batting: RHB Ramón Souza 0-0: Fielders Choice at 2nd, U6 (Groundball, 6M)
Top of the 1st over - 0 run(s), 1 hit(s), 0 error(s), 2 left on base; Athletic Club KC 0 - Oakland 0
BOTTOM OF THE 1ST
Oakland Oaks batting - Pitching for Athletic Club KC Athletics : RHP Roberto Ortega
Pitching: RHP Roberto Ortega
Batting: SHB Arturo Hernández 0-0: Called Strike
0-1: Foul Ball, location: 2F
0-2: Strikes out swinging
Batting: SHB Ramiro Salazar 0-0: Called Strike
0-1: Swinging Strike
0-2: Ball
1-2: Ball
2-2: Ball
3-2: Foul Ball, location: 2F
3-2: Fly out, F8 (Flyball, 8LD)
Batting: RHB Chandler Bailey 0-0: Ball
1-0: Ball
2-0: Foul Ball, location: 2F
2-1: Ground out 6-3 (Groundball, 6M)
Bottom of the 1st over - 0 run(s), 0 hit(s), 0 error(s), 0 left on base; Athletic Club KC 0 - Oakland 0
TOP OF THE 2ND
Athletic Club KC Athletics batting - Pitching for Oakland Oaks : LHP Ronald Harmon
Batting: RHB Guillermo Montoya 0-0: Fly out, F4 (Line Drive, 4)
Batting: LHB Lawrence Washington 0-0: Called Strike
0-1: Called Strike
0-2: Foul Ball, location: 2F
0-2: Strikes out swinging, 2-3 out at first.
Batting: LHB Chris Rice 0-0: Foul Ball, location: 2F
0-1: Ball
1-1: Ball
2-1: Ball
3-1: Base on Balls
Batting: RHB Roberto Ortega 0-0: Fly out, F8 (Flyball, 8RM)
Top of the 2nd over - 0 run(s), 0 hit(s), 0 error(s), 1 left on base; Athletic Club KC 0 - Oakland 0
BOTTOM OF THE 2ND
Oakland Oaks batting - Pitching for Athletic Club KC Athletics : RHP Roberto Ortega
Batting: LHB Félix Pérez 0-0: Called Strike
0-1: Foul Ball, location: 2F
0-2: Ball
1-2: Ball
2-2: Foul Ball, location: 2F
2-2: Foul Ball, location: 2F
2-2: Ball
3-2: Fly out, F7 (Line Drive, 7S)
Batting: RHB Wilber Moon 0-0: Foul Ball, location: 2F
0-1: Called Strike
0-2: DOUBLE (Line Drive, 7LM)
Batting: SHB John Allen 0-0: Ball
1-0: Foul Ball, location: 2F
1-1: Foul Ball, location: 2F
1-2: Strikes out looking
Batting: LHB Jason Adair 0-0: Called Strike
0-1: Ball
1-1: Ball
2-1: Ball
3-1: Foul Ball, location: 2F
3-2: SINGLE (Line Drive, 8LS)
Wilber Moon to third
Wilber Moon scores
Batting: SHB Eugene Parrish 0-0: Ball
1-0: Foul Ball, location: 2F
1-1: Called Strike
1-2: Ball
2-2: Foul Ball, location: 2F
2-2: Fielders Choice at 2nd, 6-4 (Groundball, 6)
Bottom of the 2nd over - 1 run(s), 2 hit(s), 0 error(s), 0 left on base; Athletic Club KC 0 - Oakland 1
TOP OF THE 3RD
Athletic Club KC Athletics batting - Pitching for Oakland Oaks : LHP Ronald Harmon
Batting: SHB David Henderson 0-0: Fly out, F4 (Popup, 34D)
Batting: RHB Harry Fuller 0-0: Called Strike
0-1: Foul Ball, location: 2F
0-2: Ball
1-2: SINGLE (Groundball, 34S)
Batting: LHB Emílio Sáenz 0-0: Ball
Harry Fuller is caught stealing 2nd base
1-0: Ground out 1-3 (Groundball, 15)
Top of the 3rd over - 0 run(s), 1 hit(s), 0 error(s), 0 left on base; Athletic Club KC 0 - Oakland 1
BOTTOM OF THE 3RD
Oakland Oaks batting - Pitching for Athletic Club KC Athletics : RHP Roberto Ortega
Batting: LHB Ronald Harmon 0-0: Foul Ball, location: 2F
0-1: Ball
1-1: Swinging Strike
1-2: Ball
2-2: Ground out 5-3 (Groundball, 56)
Batting: SHB Arturo Hernández 0-0: Called Strike
0-1: Ground out 3-1 (Groundball, 34)
Batting: SHB Ramiro Salazar 0-0: SINGLE (Line Drive, 4MD)
Batting: RHB Chandler Bailey 0-0: Ball
1-0: Ball
Ramiro Salazar steals 2nd base
2-0: Ball
3-0: Called Strike
3-1: Ground out 5-3 (Groundball, 56)
Bottom of the 3rd over - 0 run(s), 1 hit(s), 0 error(s), 1 left on base; Athletic Club KC 0 - Oakland 1
TOP OF THE 4TH
Athletic Club KC Athletics batting - Pitching for Oakland Oaks : LHP Ronald Harmon
Batting: RHB Vicente Díaz 0-0: Ground out 5-3 (Groundball, 56)
Batting: RHB Ramón Souza 0-0: Swinging Strike
0-1: Ball
1-1: Ball
2-1: Ball
3-1: Base on Balls
Batting: RHB Guillermo Montoya 0-0: Called Strike
0-1: Ball
1-1: Foul Ball, location: 2F
1-2: Foul Ball, location: 2F
1-2: Fielders Choice at 2nd, 3-6 (Groundball, 3)
Batting: LHB Lawrence Washington 0-0: SINGLE (Groundball, 3D)
Guillermo Montoya to second
Runner from 2nd tries for 3rd, SAFE, no throw or cutoff
Pinch Runner at 3rd Eddie O'Bryan:
Batting: LHB Chris Rice 0-0: Foul Ball, location: 2F
0-1: Ground out 2-3 (Groundball, 23)
Top of the 4th over - 0 run(s), 1 hit(s), 0 error(s), 2 left on base; Athletic Club KC 0 - Oakland 1
BOTTOM OF THE 4TH
Oakland Oaks batting - Pitching for Athletic Club KC Athletics : RHP Roberto Ortega
Now at 2B: Eddie O'Bryan
Batting: LHB Félix Pérez 0-0: Called Strike
0-1: Ball
1-1: SINGLE (Groundball, 15) (infield hit)
Batting: RHB Wilber Moon 0-0: Ball
1-0: Foul Ball, location: 2F
1-1: Foul Ball, location: 2F
1-2: Foul Ball, location: 2F
1-2: Ball
2-2: Grounds out, U3 (Groundball, 3L)
Batting: SHB John Allen 0-0: Ball
1-0: Ground out U3 (Groundball, 3L)
Félix Pérez to third
Batting: LHB Jason Adair 0-0: Called Strike
0-1: Foul Ball, location: 2F
0-2: Ball
1-2: Foul Ball, location: 2F
1-2: Foul Ball, location: 2F
1-2: Ball
2-2: Ground out 4-3 (Groundball, 4)
Bottom of the 4th over - 0 run(s), 1 hit(s), 0 error(s), 1 left on base; Athletic Club KC 0 - Oakland 1
TOP OF THE 5TH
Athletic Club KC Athletics batting - Pitching for Oakland Oaks : LHP Ronald Harmon
Batting: RHB Roberto Ortega 0-0: Ball
1-0: Ball
2-0: Ball
3-0: Base on Balls
Batting: SHB David Henderson 0-0: Grounds into double play, 6-4-3 (Groundball, 6)
Batting: RHB Harry Fuller 0-0: Called Strike
0-1: Fly out, F8 (Flyball, 8LM)
Top of the 5th over - 0 run(s), 0 hit(s), 0 error(s), 0 left on base; Athletic Club KC 0 - Oakland 1
BOTTOM OF THE 5TH
Oakland Oaks batting - Pitching for Athletic Club KC Athletics : RHP Roberto Ortega
Batting: SHB Eugene Parrish 0-0: SINGLE (Groundball, 34D)
Batting: LHB Ronald Harmon 0-0: Called Strike
0-1: Ball
1-1: Swinging Strike
1-2: Ball
2-2: Foul Ball, location: 2F
2-2: SINGLE (Flyball, 8LS)
Eugene Parrish to second
Batting: SHB Arturo Hernández 0-0: Ball
1-0: Ball
2-0: Ball
3-0: Called Strike
3-1: Foul Ball, location: 2F
3-2: SINGLE (Line Drive, 89S)
Eugene Parrish to third
Ronald Harmon to second
Batting: SHB Ramiro Salazar 0-0: Called Strike
0-1: Fly out, F5 (Popup, 5SF)
Batting: RHB Chandler Bailey 0-0: Fly out, F4 (Line Drive, 4M)
0-0: Lined into DP, U4 (Line Drive, 4M)
Bottom of the 5th over - 0 run(s), 3 hit(s), 0 error(s), 2 left on base; Athletic Club KC 0 - Oakland 1
TOP OF THE 6TH
Athletic Club KC Athletics batting - Pitching for Oakland Oaks : LHP Ronald Harmon
Batting: LHB Emílio Sáenz 0-0: Ball
1-0: Called Strike
1-1: Ball
2-1: SOLO HOME RUN (Flyball, 89XD), Distance : 419 ft
Batting: RHB Vicente Díaz 0-0: Called Strike
0-1: Called Strike
0-2: Strikes out swinging
Batting: RHB Ramón Souza 0-0: Swinging Strike
0-1: SINGLE (Line Drive, 9LM)
Batting: RHB Eddie O'Bryan 0-0: Called Strike
0-1: Ball
1-1: Ball
2-1: Fly out, F8 (Flyball, 8LS)
Batting: LHB Lawrence Washington 0-0: Called Strike
0-1: Called Strike
0-2: Ball
1-2: Ball
2-2: Ball
3-2: Strikes out looking
Top of the 6th over - 1 run(s), 2 hit(s), 0 error(s), 1 left on base; Athletic Club KC 1 - Oakland 1
BOTTOM OF THE 6TH
Oakland Oaks batting - Pitching for Athletic Club KC Athletics : RHP Roberto Ortega
Batting: LHB Félix Pérez 0-0: Called Strike
0-1: Swinging Strike
0-2: Fly out, F3 (Popup, 23)
Batting: RHB Wilber Moon 0-0: Ball
1-0: Ball
2-0: Called Strike
2-1: Fly out, F7 (Flyball, 7S)
Batting: SHB John Allen 0-0: Called Strike
0-1: Ground out 4-3 (Groundball, 4)
Bottom of the 6th over - 0 run(s), 0 hit(s), 0 error(s), 0 left on base; Athletic Club KC 1 - Oakland 1
TOP OF THE 7TH
Athletic Club KC Athletics batting - Pitching for Oakland Oaks : LHP Ronald Harmon
Batting: LHB Chris Rice 0-0: Ball
1-0: Called Strike
1-1: Ball
2-1: Fly out, F5 (Line Drive, 56)
Pinch Hitting: LHB Tony Reynolds 0-0: Called Strike
0-1: Ground out 5-3 (Groundball, 5)
Batting: SHB David Henderson 0-0: Foul Ball, location: 2F
0-1: Fly out, F9 (Flyball, 9S)
Top of the 7th over - 0 run(s), 0 hit(s), 0 error(s), 0 left on base; Athletic Club KC 1 - Oakland 1
BOTTOM OF THE 7TH
Oakland Oaks batting - Pitching for Athletic Club KC Athletics : RHP Roberto Ortega
Pitching: RHP Manuel Hernández
Batting: LHB Jason Adair 0-0: Ball
1-0: Ball
2-0: Ground out 1-3 (Groundball, 13S)
Batting: SHB Eugene Parrish 0-0: Called Strike
0-1: Called Strike
0-2: Foul Ball, location: 2F
0-2: Ball
1-2: Ball
2-2: Strikes out swinging
Pitching: LHP Tim Harris
Batting: LHB Ronald Harmon 0-0: Swinging Strike
0-1: Ball
1-1: Ball
2-1: Called Strike
2-2: Ball
3-2: Foul Ball, location: 2F
3-2: Foul Ball, location: 2F
3-2: Strikes out swinging
Bottom of the 7th over - 0 run(s), 0 hit(s), 0 error(s), 0 left on base; Athletic Club KC 1 - Oakland 1
TOP OF THE 8TH
Athletic Club KC Athletics batting - Pitching for Oakland Oaks : LHP Ronald Harmon
Batting: RHB Harry Fuller 0-0: Foul Ball, location: 2F
0-1: Swinging Strike
0-2: Foul Ball, location: 2F
0-2: Ball
1-2: Ball
2-2: Ball
3-2: SINGLE (Line Drive, 4M)
Pinch Hitting: RHB Steve Brandon 0-0: Foul Ball, location: 2F
0-1: Foul Ball, location: 2F
0-2: Grounds into double play, 6-4-3 (Groundball, 6M)
Batting: RHB Vicente Díaz 0-0: Ball
1-0: Ball
2-0: Foul Ball, location: 2F
2-1: Ball
3-1: Called Strike
3-2: Foul Ball, location: 2F
3-2: Ground out U3 (Groundball, 3)
Top of the 8th over - 0 run(s), 1 hit(s), 0 error(s), 0 left on base; Athletic Club KC 1 - Oakland 1
BOTTOM OF THE 8TH
Oakland Oaks batting - Pitching for Athletic Club KC Athletics : LHP Tim Harris
Pitching: RHP Craig Moody
Now in RF: Steve Brandon
Batting: SHB Arturo Hernández 0-0: Ball
1-0: Called Strike
1-1: Called Strike
1-2: Foul Ball, location: 2F
1-2: Foul Ball, location: 2F
1-2: Foul Ball, location: 2F
1-2: Foul Ball, location: 2F
1-2: Foul Ball, location: 2F
1-2: Foul Ball, location: 2F
1-2: Ground out 1-3 (Groundball, 13S)
Batting: SHB Ramiro Salazar 0-0: Called Strike
0-1: Ball
1-1: Foul Ball, location: 2F
1-2: Foul Ball, location: 2F
1-2: Ground out 4-3 (Groundball, 4)
Batting: RHB Chandler Bailey 0-0: Called Strike
0-1: Ball
1-1: Fly out, F7 (Flyball, 78M)
Bottom of the 8th over - 0 run(s), 0 hit(s), 0 error(s), 0 left on base; Athletic Club KC 1 - Oakland 1
TOP OF THE 9TH
Athletic Club KC Athletics batting - Pitching for Oakland Oaks : LHP Ronald Harmon
Pitching: RHP Sean Brown
Batting: RHB Ramón Souza 0-0: Ball
1-0: DOUBLE (Flyball, 89D)
Pinch Hitting: RHB Juan Benítez 0-0: Ball
1-0: Called Strike
1-1: 2-RUN HOME RUN (Flyball, 8RXD), Distance : 432 ft
Pitching: LHP Xavier Hernández
Batting: LHB Lawrence Washington 0-0: Ball
1-0: Ball
2-0: Swinging Strike
2-1: Foul Ball, location: 2F
2-2: SINGLE (Groundball, 56)
Pitching: RHP Boyd Craig
Batting: LHB Chris Rice 0-0: Ball
1-0: Ball
2-0: Ball
3-0: Base on Balls
Lawrence Washington to second
Pinch Hitting: RHB Rick Atkinson 0-0: Called Strike
0-1: Ball
1-1: Ball
2-1: Ball
3-1: Called Strike
3-2: Foul Ball, location: 2F
3-2: Foul Ball, location: 2F
3-2: Foul Ball, location: 2F
3-2: Foul Ball, location: 2F
3-2: Base on Balls
Lawrence Washington to third
Chris Rice to second
Batting: SHB David Henderson 0-0: Called Strike
0-1: Fly out, F7 (Flyball, 7LM)
Runner from 3rd tags up, SCORES, throw made
Batting: RHB Harry Fuller 0-0: Foul Ball, location: 2F
0-1: SINGLE (Groundball, 56D)
Chris Rice to third
Rick Atkinson to second
Batting: RHB Steve Brandon 0-0: Called Strike
0-1: Foul Ball, location: 2F
0-2: Ball
1-2: Strikes out looking
Batting: RHB Vicente Díaz 0-0: Foul Ball, location: 2F
0-1: Foul Ball, location: 2F
0-2: Ball
1-2: Ball
2-2: Foul Ball, location: 2F
2-2: Foul Ball, location: 2F
2-2: SINGLE (Line Drive, 89S)
Chris Rice scores
Rick Atkinson to third
Harry Fuller to second
Throwing error, E9
Rick Atkinson scores
Harry Fuller to third
Vicente Díaz to second
Pitching: RHP Robert Anderson
Batting: RHB Ramón Souza 0-0: Ball
1-0: 3-RUN HOME RUN (Flyball, 7D), Distance : 398 ft
Batting: RHB Juan Benítez 0-0: Called Strike
0-1: Ball
1-1: Called Strike
1-2: Foul Ball, location: 2F
1-2: Ground out 4-3 (Groundball, 4)
Top of the 9th over - 8 run(s), 6 hit(s), 1 error(s), 0 left on base; Athletic Club KC 9 - Oakland 1
BOTTOM OF THE 9TH
Oakland Oaks batting - Pitching for Athletic Club KC Athletics : RHP Craig Moody
Pitching: RHP Chip Scott
Now at 2B: Juan Benítez
Batting: LHB Félix Pérez 0-0: Foul Ball, location: 2F
0-1: Ball
1-1: Ball
2-1: Foul Ball, location: 2F
2-2: Fly out, F5 (Line Drive, 56S)
Batting: RHB Wilber Moon 0-0: Ball
1-0: Called Strike
1-1: Called Strike
1-2: Ground out 5-3 (Groundball, 56)
Batting: SHB John Allen 0-0: Ball
1-0: Ball
2-0: SINGLE (Line Drive, 7S)
Batting: LHB Jason Adair 0-0: Called Strike
0-1: Ball
Passed Ball!
John Allen to second
1-1: Swinging Strike
1-2: Ball
2-2: Foul Ball, location: 2F
2-2: Ball
3-2: Fly out, F9 (Line Drive, 89S)
Bottom of the 9th over - 0 run(s), 1 hit(s), 0 error(s), 1 left on base; Athletic Club KC 9 - Oakland 1
This league is powered by Out of the Park Baseball, the baseball management simulation game for PC, Mac and Linux
Monday, May 4th, 2015 - OOTP Baseball 15.6 Build 34